 Dungeon Crawl Stone Soup version 0.27.1-33-g824d729ab1 (webtiles) character file.

Game seed: 5245692438466249100

107 tanglemaster the Insei (level 4, -1/28 HPs)
             Began as an Octopode Transmuter on Dec 23, 2021.
             Slain by Natasha (6 damage)
             ... on level 2 of the Dungeon.
             The game lasted 00:01:15 (1793 turns).

tanglemaster the Insei (Octopode Transmuter)        Turns: 1793, Time: 00:01:17

Health: -1/28      AC:  1    Str:  9    XL:     4   Next: 85%
Magic:  7/7        EV: 17    Int: 15    God:
Gold:   81         SH:  0    Dex: 13    Spells: 6/7 levels left

rFire    . . .     SeeInvis .     - Unarmed
rCold    . . .     Faith    .   (no shield)
rNeg     . . .     Spirit   .   (helmet currently unavailable)
rPois    .         Reflect  .   (no amulet)
rElec    .         Harm     .   e - +4 ring of evasion
rCorr    .         Rampage  .   (no ring)
Will     .....                  (no ring)
Stlth    ++........             (no ring)
HPRegen  0.09/turn              (no ring)
MPRegen  0.10/turn              (no ring)
                                (no ring)
                                (no ring)

@: appendages (expiring)
A: tentacle spike 3, almost no armour, amphibious, 8 rings, camouflage 1,
gelatinous body 1, (nimble swimmer 1), tentacles
a: End Transformation


You were on level 2 of the Dungeon.
One of your tentacles had grown a beastly spike.
You visited 1 branch of the dungeon, and saw 2 of its levels.

You collected 81 gold pieces.

Inventory:

Missiles
 j - 18 poisoned darts
Jewellery
 c - a ring of ice
 e - a +4 ring of evasion (left tentacle)
Wands
 g - a wand of paralysis (6)
Scrolls
 b - a scroll of identify {unknown}
 d - a scroll of noise {unknown}
 h - a scroll of torment {unknown}
Potions
 a - a potion of haste {unknown}
 f - a potion of mutation {unknown}
 i - a potion of attraction {unknown}
 k - a potion of might {unknown}


   Skills:
 - Level 1.0 Fighting
 - Level 2.0 Dodging
 + Level 5.4 Unarmed Combat
 - Level 2.0 Spellcasting
 - Level 2.0 Transmutations


You had 6 spell levels left.
You knew the following spells:

 Your Spells              Type           Power      Damage    Failure   Level
a - Beastly Appendage     Tmut           14%        N/A       10%         1

Your spell library contained the following spells:

 Spells                   Type           Power      Damage    Failure   Level
 Wereblood                Tmut           7%         N/A       14%         2
 Spider Form              Tmut/Pois      2%         N/A       41%         3
 Ice Form                 Ice/Tmut       4%         N/A       82%         4


Dungeon Overview and Level Annotations

Branches:
Dungeon (2/15)

Altars:
Beogh

Shops:
D:1 [

Annotations:
D:2 Natasha


Innate Abilities, Weirdness & Mutations

One of your tentacles has grown a beastly spike.
You cannot wear most types of armour.
You are amphibious.
You can wear up to eight rings at the same time.
Your skin changes colour to match your surroundings (Stealth+).
Your rubbery body absorbs attacks. (AC +1, EV +1)
((You are camouflaged near water. (Stealth+)))
You have tentacles for arms and can constrict up to eight enemies at once.


Message History

You constrict the giant cockroach. The giant cockroach bites you.
The quokka bites you. The giant cockroach bites you.
You tentacle-slap the giant cockroach.
You kill the giant cockroach!
The quokka bites you. Natasha claws you. The quokka misses you.
You see here a giant cockroach corpse.
The quokka bites you.
You closely miss Natasha. You grab Natasha.
You constrict Natasha, but do no damage.
Natasha misses you. The quokka misses you.
You tentacle-slap Natasha.
You pierce Natasha, but do no damage.
Natasha is lightly wounded.
Your transformation is almost over.
You constrict Natasha, but do no damage.
The quokka completely misses you.
Natasha wildly gestures.
You feel troubled. Natasha claws you.
You tentacle-slap Natasha.
Natasha is moderately wounded.
You constrict Natasha, but do no damage.
The quokka completely misses you. Natasha misses you.
You tentacle-slap Natasha.
Your tentacle spike misses Natasha.
Natasha is moderately wounded.
You constrict Natasha. The quokka bites you.
* * * LOW HITPOINT WARNING * * *
Natasha barely misses you.
You tentacle-slap the quokka. Your grab misses the quokka.
You pierce the quokka.
You kill the quokka!
You constrict Natasha. Natasha claws you.
* * * LOW HITPOINT WARNING * * *
You barely miss Natasha.
Your tentacle spike misses Natasha.
Natasha is heavily wounded.
You constrict Natasha. Natasha completely misses you.
You tentacle-slap Natasha.
Your tentacle spike misses Natasha.
Natasha is severely wounded.
You constrict Natasha. Natasha claws you.
You die...

#.......# .
...#############.......#
.................>.....#
...####.################
#.# #.# #### #.#....#
###.#....# #..@†....#
#..h.....# #..........
#.......... ###.#......
#'######. ... ... ...


You could see Natasha.

Vanquished Creatures
  Jessica (D:2)
  Natasha (D:2)
  An adder (D:2)
  4 dart slugs (D:1)
  A ball python (D:1)
  An endoplasm (D:1)
  2 giant cockroaches
  2 goblins
  6 hobgoblins (D:1)
  4 jackals (D:2)
  2 quokkas
  3 bats
  3 frilled lizards (D:1)
  3 kobolds
  5 rats (D:1)
39 creatures vanquished.

Notes
Turn   | Place    | Note
-------+----------+-------------------------------------------
     0 | D:1      | tanglemaster the Octopode Transmuter began the quest for
                  | the Orb.
     0 | D:1      | Reached XP level 1. HP: 13/13 MP: 3/3
   144 | D:1      | Reached XP level 2. HP: 13/18 MP: 3/5
   550 | D:1      | Reached skill level 4 in Unarmed Combat
   740 | D:1      | You fall into a shaft and drop 1 floor!
   774 | D:2      | Reached XP level 3. HP: 23/23 MP: 6/6
   814 | D:2      | Noticed Natasha
   818 | D:2      | Killed Natasha
   819 | D:2      | Reached XP level 4. HP: 28/28 MP: 7/7
  1046 | D:1      | Found Xoxafaogh's Armour Shoppe.
  1393 | D:1      | Found a faded altar of an unknown god.
  1606 | D:2      | Noticed Jessica
  1609 | D:2      | Killed Jessica
  1610 | D:2      | Reached skill level 5 in Unarmed Combat
  1780 | D:2      | Noticed Natasha
  1793 | D:2      | Slain by Natasha

Illustrated notes

Levels and vault maps discovered:
D:1:      dpeg_arrival_connections, layout_loops_ring, serial_shops,
          nicolae_shop_window_shopping,
          hellmonk_ecumenical_altar_defaced_shrine, eino_curves_04,
          nrook_mini_vaults, nrook_loot_triangle
D:2:      layout_basic, uniq_jessica, uniq_natasha

Skill      XL: |  1  2  3  4 |
---------------+-------------+-----
Unarmed Combat | 4 5 |  5.4
Fighting       | |  1.0
Dodging        | |  2.0
Spellcasting   | |  2.0
Transmutations | |  2.0

Action                   |  1- 3 |  4- 6 || total
-------------------------+-------+-------++-------
Melee: Unarmed           |    46 |    48 ||    94
       Constrict         |    13 |    13 ||    26
       Tentacles         |     5 |     3 ||     8
       Kick              |     2 |     2 ||     4
       Punch             |     4 |     2 ||     6
 Cast: Beastly Appendage |     1 |     2 ||     3
 Stab: Sleeping          |     5 |     5 ||    10
Armor: Skin              |     2 |       ||     2
Dodge: Dodged            |    20 |    29 ||    49
